 Dungeon Crawl Stone Soup version 0.31-a0-523-g071a6c1ffa (webtiles) character file.

Game seed: 4549840019290122693

1221 Maratek the Chopper (level 8, -3/69 HPs)
             Began as a Red Draconian Fighter on Aug 11, 2023.
             Was an Initiate of Makhleb.
             Slain by an ice beast (6 damage)
             ... on level 6 of the Dungeon.
             The game lasted 00:13:28 (5752 turns).

Maratek the Chopper (Red Draconian Fighter)         Turns: 5752, Time: 00:13:29

Health: -3/69      AC: 11    Str: 18    XL:     8   Next: 23%
Magic:  8/8        EV: 12    Int: 15    God:    Makhleb [......]
Gold:   233        SH:  4    Dex:  9    Spells: 7/7 levels left

rFire   + . .        a - +0 war axe
rCold   . . .        b - +0 buckler
rNeg    + + +        (body armour unavailable)
rPois   +            (helmet restricted)
rElec   .            (no cloak)
rCorr   .            h - +0 pair of gloves
SInv    .            (no boots)
Will    .....        (no amulet)
Stlth   ++           d - +4 ring of protection
HPRegen 0.31/turn    e - ring "Ijagan" {rPois rN+++ Int+5 Dex-3}
MPRegen 0.11/turn

%: no passive effects
@: mighty, short of breath, hasted, very quick
A: breathe fire, AC +6, unfitting armour, fire resistance 1, cold-blooded
a: Breathe Fire, Renounce Religion


You were on level 6 of the Dungeon.
You worshipped Makhleb.
Makhleb was noncommittal.
You visited 2 branches of the dungeon, and saw 7 of its levels.

You collected 266 gold pieces.
You spent 33 gold pieces at shops.

Inventory:

Hand Weapons
 a - a +0 war axe (weapon)
Missiles
 r - a throwing net
Armour
 b - a +0 buckler (worn)
 h - a +0 pair of gloves (worn)
Jewellery
 d - a +4 ring of protection (left hand)
 e - the ring "Ijagan" (right hand) {rPois rN+++ Int+5 Dex-3}
   (You found it on level 4 of the Dungeon)

   [ring of poison resistance]

   Int+5:     It affects your intelligence (+5).
   Dex-3:     It affects your dexterity (-3).
   rPois:     It protects you from poison rN+++: It renders you almost immune to
   negative energy.
 u - a ring of willpower
Wands
 g - a wand of paralysis (14)
Scrolls
 i - 4 scrolls of poison
 l - a scroll of revelation
 n - 2 scrolls of noise
 o - 2 scrolls of fog {unknown}
 p - 2 scrolls of blinking
 q - 2 scrolls of teleportation {unknown}
 t - 2 scrolls of amnesia
 v - a scroll of enchant weapon {unknown}
 w - a scroll of enchant armour {unknown}
Potions
 c - a potion of might
 f - a potion of lignification {unknown}
 j - a potion of mutation {unknown}
 k - 3 potions of brilliance {unknown}
 m - a potion of enlightenment {unknown}
 s - 2 potions of haste


   Skills:
 + Level 5.4 Fighting
 + Level 7.2 Axes
 + Level 4.9 Dodging
 + Level 1.7 Stealth
 + Level 4.1 Shields


You had 7 spell levels left.
You didn't know any spells.
Your spell library contained the following spells:

 Spells                   Type           Power      Damage    Failure   Level
 Shock                    Conj/Air       0%         1d3       32%         1
 Wereblood                Tmut           0%         N/A       45%         2
 Frozen Ramparts          Ice            0%         1d1       69%         3
 Ozocubu's Armour         Ice            0%         N/A       69%         3
 Swiftness                Air            0%         N/A       69%         3
 Airstrike                Air            0%         2d(0-16)  97%         4
 Petrify                  Tmut/Erth      0%         N/A       97%         4
 Irradiate                Conj/Tmut      0%         3d11      100%        5
 Metabolic Englaciation   Hex/Ice        0%         N/A       100%        5
 Ozocubu's Refrigeration  Ice            0%         4d7       100%        7


Dungeon Overview and Level Annotations

Branches:
Dungeon (6/15)             Temple (1/1) D:5

Altars:
Ashenzari
Cheibriados
Dithmenos
Elyvilon
Fedhas
Gozag
Kikubaaqudgha
Makhleb
Okawaru
Ru
Sif Muna
Trog
Uskayaw
Vehumet
Wu Jian
Xom
Yredelemnul
Zin
The Shining One

Shops:
D:2 !

Annotations:
D:3 2 transporters, WhatIsLove's ghost, amateur HOMo
D:5 2 transporters, kaychamo's ghost, novice OpSh


Innate Abilities, Weirdness & Mutations

You can breathe blasts of fire.
Your fiery red scales are hard. (AC +6)
You cannot fit into any form of body armour.
Your flesh is heat resistant. (rF+)
You are cold-blooded and may be slowed by cold attacks.


Message History

You barely miss the wight. You barely miss the ice beast.
The ice beast hits you but does no damage.
The wight hits you but does no damage.
The wight hits you with a +0 long sword!
You hit the wight but do no damage. You tail-slap the wight.
The wight is almost destroyed.
You hit the wight. You hit the ice beast but do no damage.
You feel yourself speed up.
The ice beast hits you but does no damage.
The wight completely misses you.
The wight hits you with a +0 long sword!
You slash the wight!
You destroy the wight!
Makhleb accepts your kill.
You hit the wight but do no damage. You closely miss the ice beast.
The ice beast misses you. The wight hits you with a +2 flail.
* * * LOW HITPOINT WARNING * * *
You block the wight's attack.
Things that are here:
a +0 long sword; a +0 robe
Aiming: Breathe Fire (4% risk of failure)
Press: ? - help, Q - select action, (/) - cycle Shift-Dir - straight line, f - wight
Aim: a wight, wielding a +2 flail and wearing a +0 robe (heavily damaged, 68% to hit)
You breathe a blast of fire.
The fiery breath hits the wight.
The wight is almost destroyed.
You barely miss the ice beast.
The ice beast is heavily wounded.
You hit the wight but do no damage. The ice beast hits you.
* * * LOW HITPOINT WARNING * * *
The ice beast freezes you!
* * * LOW HITPOINT WARNING * * *
The wight hits you but does no damage.
You feel very mighty all of a sudden. The ice beast closely misses you.
You block the wight's attack.
You slash the ice beast!
The ice beast is severely wounded.
You closely miss the wight. The ice beast hits you.
* * * LOW HITPOINT WARNING * * *
The ice beast freezes you.
You die...

....#...## #..
...#.....###.# #
..........##.# .##
.............##..#
.........#......#..
#.....#..../.....
...#................
#.................
#.☼...z@..........
#......Y.........[
##...............?
##...#...........
######..........
##.....##.. ######


You could see an ice beast and a wight.

Vanquished Creatures
  Menkaure (D:4)
  An ice beast (D:5)
  A black bear (D:5)
  An ogre (D:5)
  The ghost of NigelTetley the Shooter, an amateur DgHu (D:4)
  2 phantoms (D:5)
  A scorpion (D:4)
  3 wights
  A jelly (D:5)
  A hound (D:4)
  An orc priest (D:4)
  2 orc wizards (D:4)
  3 gnolls (D:3)
  A shadow imp (D:5)
  8 adders
  A white imp (D:5)
  8 worms
  2 dart slugs
  15 orcs
  7 ball pythons
  6 bats
  7 endoplasms
  4 giant cockroaches
  3 goblins
  5 hobgoblins
  7 quokkas
  6 frilled lizards
  9 kobolds
  8 rats
116 creatures vanquished.

Notes
Turn   | Place    | Note
-------+----------+-------------------------------------------
     0 | D:1      | Maratek the Draconian Fighter began the quest for the Orb.
     0 | D:1      | Reached XP level 1. HP: 19/19 MP: 1/1
   109 | D:1      | Reached XP level 2. HP: 26/26 MP: 2/2
   786 | D:1      | Reached XP level 3. HP: 33/33 MP: 3/3
  1216 | D:2      | Found Piops's Distillery.
  1278 | D:2      | Bought a potion of curing for 33 gold pieces
  1372 | D:2      | Reached skill level 3 in Axes
  1394 | D:2      | Reached XP level 4. HP: 40/40 MP: 4/4
  1779 | D:3      | Found a broken altar of Ashenzari.
  1910 | D:3      | Identified the +5 spear "Reussavil" {venom, rC+ Will++
                  | Int-5 Stlth+}
  1927 | D:3      | Found a transporter.
  1945 | D:3      | Noticed WhatIsLove's ghost (amateur HOMo)
  2036 | D:3      | Found a transporter.
  2162 | D:3      | Reached XP level 5. HP: 27/46 MP: 5/5
  2333 | D:3      | Found a faded altar of an unknown god.
  2500 | D:4      | Reached skill level 4 in Axes
  2712 | D:4      | Found a runed translucent door.
  2744 | D:4      | Reached XP level 6. HP: 26/52 MP: 6/6
  3090 | D:4      | Reached skill level 1 in Stealth
  3108 | D:4      | Noticed Menkaure
  3109 | D:4      | Identified the ring "Ijagan" {rPois rN+++ Int+5 Dex-3}
  3114 | D:4      | HP: 2/52 [Menkaure (13)]
  3115 | D:4      | Killed Menkaure
  3116 | D:4      | Reached skill level 5 in Axes
  3544 | D:4      | Noticed NigelTetley's ghost (amateur DgHu)
  3618 | D:4      | You fall into a shaft and drop 1 floor!
  3618 | D:5      | Entered Level 5 of the Dungeon
  3844 | D:5      | Your scales start taking on a fiery red colour.
  3844 | D:5      | Reached XP level 7. HP: 56/60 MP: 7/7
  3844 | D:5      | Gained mutation: Your flesh is heat resistant. (rF+) [Red
                  | Draconian growth]
  3940 | D:5      | Found a shimmering blue altar of Sif Muna.
  4064 | D:5      | Reached skill level 6 in Axes
  4245 | D:4      | Killed NigelTetley's ghost
  4373 | D:5      | Found a staircase to the Ecumenical Temple.
  4409 | D:5      | Found a transporter.
  4456 | Temple   | Entered the Ecumenical Temple
  4475 | Temple   | Became a worshipper of Makhleb the Destroyer
  4532 | D:5      | Noticed kaychamo's ghost (novice OpSh)
  4538 | D:5      | Found a transporter.
  4576 | D:5      | Found an opulent altar of Gozag.
  4672 | D:5      | Reached skill level 5 in Fighting
  5269 | D:5      | Reached XP level 8. HP: 18/68 MP: 8/8
  5278 | D:5      | Reached skill level 7 in Axes
  5752 | D:6      | HP: 3/69 [ice beast (4)]
  5752 | D:6      | Slain by an ice beast

Illustrated notes

Levels and vault maps discovered:
D:1:      dpeg_arrival_more_subterranean_lakeside_camping, layout_loops_ring,
          hex_large, hangedman_decor_lopped, minmay_misc_feat_iff,
          minmay_tetromino_t4
D:2:      layout_basic, serial_shops, shop, minmay_misc_feat_diagonals,
          nrook_campfire
D:3:      layout_rooms, mainiacjoe_overflow_paths,
          gammafunk_ghost_gnarly_gnolls, ebering_ecumenical_altar_webs
D:4:      layout_rooms, ebering_ghost_reflecting_pool, uniq_menkaure
D:5:      layout_loops_ring, mainiacjoe_overflow_concentric_impassable,
          nicolae_gozag_seed_capital, lemuel_temple_firewalk_b,
          gammafunk_ghost_arena, gup_sewer_entry_bowl, nicolae_wormholes
D:6:      wander_river, layout_rooms, minmay_misc_feat_hallway,
          amethyst_killhole, chequers_arboretum
Temple:   eino_temple_scatter_basement

Skill      XL: |  1  2  3  4  5  6  7  8 |
---------------+-------------------------+-----
Dodging        | 3 4 |  4.9
Axes           | 3 4 5 6 7 |  7.2
Fighting       | 4 5 |  5.4
Stealth        | 1 |  1.7
Shields        | 4 |  4.1

Action                     |  1- 3 |  4- 6 |  7- 9 || total
---------------------------+-------+-------+-------++-------
  Melee: War axe           |   110 |   174 |   107 ||   391
         Tailslap          |    10 |    18 |    11 ||    39
Ability: Breathe Fire      |       |       |     4 ||     4
    Use: Scroll            |     2 |       |     3 ||     5
         Potion            |       |     4 |     2 ||     6
   Stab: Sleeping          |       |     1 |       ||     1
 Armour: Skin              |    56 |    91 |    57 ||   204
  Dodge: Dodged            |    92 |   110 |    78 ||   280
  Block: Buckler           |    28 |    34 |    28 ||    90

Table legend: (Time is in decaauts)
 A = Elapsed time spent in this place.
 B = Non-inter-level travel time spent in this place.
 C = Inter-level travel time spent in this place.
 D = Time resting spent in this place.
 E = Time spent auto-exploring this place.
 F = Levels seen in this place.
 G = Mean time per level.
                   A        B        C        D        E       F      G
               +--------+--------+--------+--------+--------+-----+--------+
         Total |   5893 |   5794 |     99 |   1683 |   2724 |   7 |  841.9 |
       Dungeon |   5858 |   5780 |     78 |   1683 |   2724 |   6 |  976.3 |
        Temple |     34 |     13 |     21 |      0 |      0 |   1 |   34.0 |
               +--------+--------+--------+--------+--------+-----+--------+

Top non-repeatable levels by time:
     D:5: 1929 daAuts
     D:4: 1334 daAuts
     D:1: 921 daAuts
     D:3: 839 daAuts
     D:2: 807 daAuts
  Temple: 34 daAuts
     D:6: 26 daAuts
